Golden Knights vs Blues (R4)

Created - 27 janvier 2021 at 20:13

Goals
1 2 3 T
Golden Knights 0 2 0 2
Blues 0 0 0 0
Shots
1 2 3 T
Golden Knights 11 8 5 24
Blues 5 15 10 30

1st period

No Goal

Penalties :
P.K. Subban (STL) for Roughing (Minor) at 6:02, Colin Miller (STL) for Hooking (Minor) at 8:58, Marcus Foligno (VGK) for Slashing (Minor) at 11:53, P.K. Subban (STL) for High sticking (Minor) at 18:46

2nd period

1. Golden Knights , Alex Steen 3 (Miro Heiskanen 22, Mathew Dumba 14) at 1:12
2. Golden Knights , Calle Jarnkrok 8 (Nico Hischier 14, Zach Werenski 28) at 14:44

Penalties :
Jack Eichel (STL) for Hooking (Minor) at 3:24, Nico Hischier (VGK) for Cross-checking (Minor) at 10:05

3rd period

No Goal

Penalties :
Ryan Pulock (STL) for Interference (Minor) at 2:07, Deryk Engelland (VGK) for Holding (Minor) at 7:50, Viktor Arvidsson (VGK) for Checking from behind (Major) at 14:21

Goalie Stats

Ilya Samsonov (VGK), 30 saves from 30 shots - (1,000), W, 16-6-3, 60:00 minutes
Carter Hart (STL), 22 saves from 24 shots - (0,917), L, 25-13-6, 60:00 minutes

Players Stats for Golden Knights

Player Name              G  A  P  +/- PIM S  H  SB GA TA FO     MP     PP MP  PK MP  
------------------------------------------------------------------------------------
Alex Steen               1  0  1   1  0   3  0  0  0  0  2/3     9:52   0:00   3:01 
Anthony Beauvillier      0  0  0   0  0   1  1  0  0  0  1/2    12:05   0:00   2:15 
Artemi Panarin           0  0  0   0  0   4  2  0  0  0  0/0    20:03   4:48   1:04 
Calle Jarnkrok           1  0  1   1  0   1  0  0  0  0  0/1    16:01   4:48   2:56 
Claude Giroux            0  0  0   0  0   3  1  0  0  0  10/22  19:18   5:07   0:00 
Deryk Engelland          0  0  0   0  2   0  3  1  0  0  0/0    12:50   0:00   0:12 
Devon Toews              0  0  0   0  0   0  0  0  0  0  0/0    13:17   0:00   0:38 
Jake Guentzel            0  0  0   0  0   0  0  0  0  0  0/1    19:18   5:07   0:00 
Marcus Foligno           0  0  0   1  2   0  1  0  0  0  0/0    11:30   0:00   4:40 
Mathew Barzal            0  0  0   0  0   0  0  0  0  0  5/20   14:38   4:48   0:00 
Mathew Dumba             0  1  1   1  0   1  4  2  0  0  0/0    20:46   4:26   4:03 
Miro Heiskanen           0  1  1   1  0   2  1  1  0  0  0/0    20:46   4:26   4:03 
Nico Hischier            0  1  1   1  2   2  2  0  0  0  6/12   10:45   0:00   2:29 
Riley Sheahan            0  0  0   1  0   2  0  0  0  0  3/13   12:18   0:00   5:27 
Tomas Hertl              0  0  0   0  0   4  0  0  0  0  0/2    14:57   5:07   0:00 
Tyson Barrie             0  0  0   1  0   0  2  1  0  0  0/0    26:09   5:29   6:27 
Viktor Arvidsson         0  0  0   1  5   0  2  0  0  0  0/0     8:16   0:00   0:00 
Zach Werenski            0  1  1   1  0   1  2  3  0  0  0/0    26:11   5:29   6:29 

Players Stats for Blues

Player Name              G  A  P  +/- PIM S  H  SB GA TA FO     MP     PP MP  PK MP  
------------------------------------------------------------------------------------
Anthony Mantha           0  0  0   0  0   3  1  0  0  0  0/0    15:16   4:48   0:30 
Christian Dvorak         0  0  0  -1  0   2  1  0  0  0  5/9    15:22   4:56   0:00 
Colin Miller             0  0  0  -1  2   2  5  1  0  0  0/0    13:41   0:14   1:46 
Dougie Hamilton          0  0  0   0  0   4  2  2  0  0  0/0    25:05   5:54   5:44 
Henri Jokiharju          0  0  0  -1  0   0  2  2  0  0  0/0    11:42   0:00   0:00 
Jack Eichel              0  0  0  -1  2   4  2  0  0  0  12/18  19:24   5:58   0:00 
Johnny Gaudreau          0  0  0  -1  0   0  0  1  0  0  0/1    11:12   0:46   0:00 
Jordan Staal             0  0  0   0  0   2  1  1  0  0  14/19  17:01   5:08   6:40 
Josh Bailey              0  0  0  -1  0   5  0  0  0  0  0/0    17:25   5:08   0:00 
Martin Necas             0  0  0  -1  0   1  1  0  0  0  1/1    10:31   0:00   0:00 
Michael Chaput           0  0  0   0  0   1  0  0  0  0  2/3    10:03   0:20   3:15 
Mikko Rantanen           0  0  0  -1  0   0  2  0  0  0  0/1    18:05   5:48   0:00 
Miles Wood               0  0  0   0  0   1  1  0  0  0  0/1    13:13   0:00   3:15 
P.K. Subban              0  0  0  -1  4   0  5  2  0  0  0/0    17:16   0:00   3:18 
Ryan Pulock              0  0  0   0  2   0  3  1  0  0  0/0    22:10   5:54   2:50 
Sean Couturier           0  0  0   0  0   3  2  0  0  0  15/22  14:42   4:44   0:00 
Seth Jones               0  0  0  -1  0   2  0  5  0  0  0/0    25:14   5:02   6:12 
Trevor Lewis             0  0  0   0  0   0  0  0  0  0  0/1    12:38   0:00   6:10 

3 Stars

1 - Ilya Samsonov (VGK)
2 - Mathew Dumba (VGK)
3 - Alex Steen (VGK)

Power Play

Golden Knights - 0 on 5 Attempt(s) - 0,00%
Blues - 0 on 4 Attempt(s) - 0,00%

Penalty Kill

Golden Knights - 4 on 4 Attempt(s) - 100,00% - Score 0 goal in Penalty Kill
Blues - 5 on 5 Attempt(s) - 100,00% - Score 0 goal in Penalty Kill

Team Stat

Golden Knights - Hits : 21 - Faceoff Wins : 27 - Blocked Shots : 8 - Penalty Minutes : 11
Blues - Hits : 28 - Faceoff Wins : 49 - Blocked Shots : 15 - Penalty Minutes : 10

Official

Referees : Adam Bloski and Jon McIsaac
Linesman : Luke Murray and Justin Cornell

Game Notes

No Game Note

Finance

Level 1 -- Attendance: 6500 (100,00%) -- Ticket Income 715 000 $
Level 2 -- Attendance: 5000 (100,00%) -- Ticket Income 375 000 $
Level 3 -- Attendance: 3500 (100,00%) -- Ticket Income 192 500 $
Level 4 -- Attendance: 1562 (100,00%) -- Ticket Income 60 918 $
Luxury Box -- Attendance: 890 (89,00%) -- Ticket Income 177 110 $
Game was played at the Scottrade Center.
Total Attendance: 17452 (99,37%)
Total Ticket Income: 1 520 528 $
Other Income: 745 059 $
Total Income: 2 265 587 $

% Time on Ice - Golden Knights

Lines # - Real PCT - Wanted PCT - Time Play
Normal Forward
1 - 36% - 40% - 14:11
2 - 25% - 30% - 9:50
3 - 21% - 20% - 8:17
4 - 17% - 10% - 6:51
Normal Defense
1 - 36% - 40% - 14:13
2 - 31% - 30% - 12:17
3 - 32% - 20% - 12:39
4 - 0% - 10% - 0:00
PP Forward
1 - 52% - 60% - 5:07
2 - 48% - 40% - 4:48
PP Defense
1 - 55% - 60% - 5:29
2 - 45% - 40% - 4:26
PK Forward
1 - 73% - 60% - 8:00
2 - 27% - 40% - 2:56
PK Defense
1 - 63% - 60% - 6:53
2 - 37% - 40% - 4:03
PK3 Forward
1 - 0% - 60%
2 - 0% - 40%
PK3 Defense
1 - 0% - 60%
2 - 0% - 40%
44 Forward
1 - 0% - 60%
2 - 0% - 40%
44 Defense
1 - 0% - 60%
2 - 0% - 40%
Last Minute Offensive  - 0:00
Last Minute Defensive  - 0:00
Total
Forward - 60:00
Defense - 60:00

% Time on Ice - Blues

Lines # - Real PCT - Wanted PCT - Time Play
Normal Forward
1 - 31% - 36% - 12:17
2 - 27% - 29% - 10:26
3 - 25% - 29% - 9:58
4 - 17% - 6% - 6:28
Normal Defense
1 - 36% - 42% - 14:00
2 - 34% - 41% - 13:27
3 - 30% - 17% - 11:42
4 - 0% - 0% - 0:00
PP Forward
1 - 53% - 55% - 5:48
2 - 47% - 45% - 5:08
PP Defense
1 - 54% - 55% - 5:54
2 - 46% - 45% - 5:02
PK Forward
1 - 67% - 60% - 6:40
2 - 33% - 40% - 3:15
PK Defense
1 - 63% - 60% - 6:15
2 - 37% - 40% - 3:40
PK3 Forward
1 - 0% - 60%
2 - 0% - 40%
PK3 Defense
1 - 0% - 60%
2 - 0% - 40%
44 Forward
1 - 0% - 60%
2 - 0% - 40%
44 Defense
1 - 0% - 60%
2 - 0% - 40%
Last Minute Offensive  - 0:00
Last Minute Defensive  - 0:00
Total
Forward - 60:00
Defense - 60:00

Play-by-Play

1st period


0:01 of 1st period - Jack Eichel wins face-off versus Claude Giroux in neutral zone.
0:27 of 1st period - Icing by Zach Werenski.
0:28 of 1st period - Claude Giroux wins face-off versus Christian Dvorak in Golden Knights zone.
1:06 of 1st period - Tyson Barrie is hit by Ryan Pulock and loses puck.
1:10 of 1st period - Icing by Martin Necas.
1:11 of 1st period - Christian Dvorak wins face-off versus Mathew Barzal in Blues zone.
1:40 of 1st period - Shot by Tomas Hertl.
1:40 of 1st period - Shot Misses the Net.
2:15 of 1st period - Viktor Arvidsson is hit by P.K. Subban and loses puck.
3:05 of 1st period - Shot by Alex Steen.
3:05 of 1st period - Shot Blocked by Henri Jokiharju.
3:19 of 1st period - Shot by Mikko Rantanen.
3:19 of 1st period - Deflect By Jack Eichel.
3:19 of 1st period - Shot Blocked by Tyson Barrie.
3:54 of 1st period - Jake Guentzel is hit by Colin Miller.
4:02 of 1st period - Shot by Artemi Panarin.
4:02 of 1st period - Stopped by Carter Hart with a rebound.
4:04 of 1st period - Shot by Artemi Panarin.
4:04 of 1st period - Shot Blocked by Colin Miller.
4:06 of 1st period - Shot by Miro Heiskanen.
4:06 of 1st period - Stopped by Carter Hart with a rebound.
4:15 of 1st period - Icing by Colin Miller.
4:16 of 1st period - Jack Eichel wins face-off versus Mathew Barzal in Blues zone.
4:31 of 1st period - Shot by Trevor Lewis.
4:31 of 1st period - Shot Misses the Net.
4:40 of 1st period - Michael Chaput is hit by Deryk Engelland and loses puck.
5:43 of 1st period - Shot by Nico Hischier.
5:43 of 1st period - Shot Misses the Net.
5:48 of 1st period - Icing by Johnny Gaudreau.
5:49 of 1st period - Claude Giroux wins face-off versus Johnny Gaudreau in Blues zone.
6:02 of 1st period - Minor Penalty to P.K. Subban for Roughing.
6:03 of 1st period - Claude Giroux wins face-off versus Jordan Staal in Blues zone.
6:04 of 1st period - Shot by Tomas Hertl.
6:04 of 1st period - Stopped by Carter Hart without a rebound.
6:05 of 1st period - Jordan Staal wins face-off versus Tomas Hertl in Blues zone.
6:28 of 1st period - Off-side.
6:29 of 1st period - Jordan Staal wins face-off versus Mathew Barzal in neutral zone.
6:56 of 1st period - Shot by Artemi Panarin.
6:56 of 1st period - Stopped by Carter Hart without a rebound.
6:57 of 1st period - Michael Chaput wins face-off versus Claude Giroux in Blues zone.
7:54 of 1st period - Shot by Michael Chaput.
7:54 of 1st period - Stopped by Ilya Samsonov without a rebound.
7:55 of 1st period - Mathew Barzal wins face-off versus Michael Chaput in Golden Knights zone.
8:03 of 1st period - Artemi Panarin is hit by Henri Jokiharju and loses puck.
8:12 of 1st period - Shot by Alex Steen.
8:12 of 1st period - Stopped by Carter Hart with a rebound.
8:14 of 1st period - Shot by Marcus Foligno.
8:14 of 1st period - Shot Misses the Net.
8:16 of 1st period - Shot by Riley Sheahan.
8:16 of 1st period - Shot Hit the Post.
8:18 of 1st period - Shot by Marcus Foligno.
8:18 of 1st period - Deflect By Riley Sheahan.
8:18 of 1st period - Stopped by Carter Hart without a rebound.
8:19 of 1st period - Sean Couturier wins face-off versus Nico Hischier in Blues zone.
8:28 of 1st period - Sean Couturier is hit by Mathew Dumba and loses puck.
8:31 of 1st period - Shot by Sean Couturier.
8:31 of 1st period - Stopped by Ilya Samsonov without a rebound.
8:32 of 1st period - Jack Eichel wins face-off versus Claude Giroux in Golden Knights zone.
8:38 of 1st period - Icing by Zach Werenski.
8:39 of 1st period - Sean Couturier wins face-off versus Claude Giroux in Golden Knights zone.
8:39 of 1st period - Sean Couturier is hit by Tyson Barrie.
8:43 of 1st period - Shot by Miles Wood.
8:43 of 1st period - Shot Blocked by Zach Werenski.
8:48 of 1st period - Artemi Panarin is hit by Sean Couturier and loses puck.
8:54 of 1st period - Claude Giroux is hit by Colin Miller and loses puck.
8:58 of 1st period - Minor Penalty to Colin Miller for Hooking.
8:59 of 1st period - Jordan Staal wins face-off versus Mathew Barzal in Blues zone.
9:10 of 1st period - Shot by Miro Heiskanen.
9:10 of 1st period - Deflect By Artemi Panarin.
9:10 of 1st period - Stopped by Carter Hart without a rebound.
9:11 of 1st period - Jordan Staal wins face-off versus Claude Giroux in Blues zone.
9:42 of 1st period - Shot by Tyson Barrie.
9:42 of 1st period - Shot Misses the Net.
9:44 of 1st period - Shot by Claude Giroux.
9:44 of 1st period - Stopped by Carter Hart without a rebound.
9:45 of 1st period - Jordan Staal wins face-off versus Mathew Barzal in Blues zone.
9:45 of 1st period - Dougie Hamilton is hit by Artemi Panarin and loses puck.
9:52 of 1st period - Shot by Artemi Panarin.
9:52 of 1st period - Shot Blocked by Ryan Pulock.
9:54 of 1st period - Shot by Mathew Dumba.
9:54 of 1st period - Shot Blocked by Dougie Hamilton.
9:56 of 1st period - Shot by Miro Heiskanen.
9:56 of 1st period - Stopped by Carter Hart without a rebound.
9:57 of 1st period - Jordan Staal wins face-off versus Mathew Barzal in Blues zone.
11:16 of 1st period - Shot by Marcus Foligno.
11:16 of 1st period - Shot Misses the Net.
11:49 of 1st period - Sean Couturier is hit by Deryk Engelland and loses puck.
11:53 of 1st period - Minor Penalty to Marcus Foligno for Slashing.
11:54 of 1st period - Sean Couturier wins face-off versus Nico Hischier in Golden Knights zone.
11:59 of 1st period - Shot by Dougie Hamilton.
11:59 of 1st period - Stopped by Ilya Samsonov without a rebound.
12:00 of 1st period - Sean Couturier wins face-off versus Anthony Beauvillier in Golden Knights zone.
12:05 of 1st period - Shot by Ryan Pulock.
12:05 of 1st period - Shot Misses the Net.
12:21 of 1st period - Shot by Dougie Hamilton.
12:21 of 1st period - Stopped by Ilya Samsonov with a rebound.
12:45 of 1st period - Tyson Barrie is hit by Mikko Rantanen and loses puck.
13:06 of 1st period - Icing by Mikko Rantanen.
13:07 of 1st period - Jack Eichel wins face-off versus Riley Sheahan in Blues zone.
13:12 of 1st period - Shot by Mikko Rantanen.
13:12 of 1st period - Shot Misses the Net.
13:57 of 1st period - Off-side.
13:58 of 1st period - Nico Hischier wins face-off versus Jordan Staal in neutral zone.
14:17 of 1st period - Shot by Nico Hischier.
14:17 of 1st period - Stopped by Carter Hart without a rebound.
14:18 of 1st period - Sean Couturier wins face-off versus Claude Giroux in Blues zone.
14:33 of 1st period - Shot by Miles Wood.
14:33 of 1st period - Shot Blocked by Miro Heiskanen.
14:35 of 1st period - Shot by Miles Wood.
14:35 of 1st period - Shot Misses the Net.
15:09 of 1st period - Icing by Ryan Pulock.
15:10 of 1st period - Jordan Staal wins face-off versus Mathew Barzal in Blues zone.
15:40 of 1st period - Michael Chaput is hit by Anthony Beauvillier and loses puck.
15:50 of 1st period - Tomas Hertl is hit by Dougie Hamilton and loses puck.
16:32 of 1st period - Jack Eichel is hit by Deryk Engelland and loses puck.
17:20 of 1st period - Shot by Martin Necas.
17:20 of 1st period - Shot Misses the Net.
17:22 of 1st period - Shot by Colin Miller.
17:22 of 1st period - Stopped by Ilya Samsonov without a rebound.
17:23 of 1st period - Anthony Beauvillier wins face-off versus Sean Couturier in Golden Knights zone.
17:23 of 1st period - Anthony Beauvillier is hit by Anthony Mantha.
18:39 of 1st period - Shot by Alex Steen.
18:39 of 1st period - Stopped by Carter Hart with a rebound.
18:41 of 1st period - Shot by Marcus Foligno.
18:41 of 1st period - Shot Misses the Net.
18:46 of 1st period - Minor Penalty to P.K. Subban for High sticking.
18:47 of 1st period - Jordan Staal wins face-off versus Claude Giroux in Blues zone.
19:22 of 1st period - Shot by Mathew Dumba.
19:22 of 1st period - Shot Blocked by Seth Jones.
19:24 of 1st period - Shot by Mathew Dumba.
19:24 of 1st period - Shot Misses the Net.
19:52 of 1st period - Icing by Calle Jarnkrok.
19:53 of 1st period - Jordan Staal wins face-off versus Mathew Barzal in Golden Knights zone.
Goals for this period are 0 for Golden Knights vs 0 for Blues.
Shots for this period are 11 for Golden Knights vs 5 for Blues.

2nd period


0:01 of 2nd period - Claude Giroux wins face-off versus Jordan Staal in neutral zone.
0:12 of 2nd period - Shot by Jake Guentzel.
0:12 of 2nd period - Shot Misses the Net.
0:26 of 2nd period - Shot by Tyson Barrie.
0:26 of 2nd period - Shot Misses the Net.
1:12 of 2nd period - Shot by Alex Steen.
1:12 of 2nd period - Goal by Alex Steen - Golden Knights : 1 - Blues : 0.
1:13 of 2nd period - Nico Hischier wins face-off versus Christian Dvorak in neutral zone.
1:24 of 2nd period - Viktor Arvidsson is hit by Martin Necas and loses puck.
1:32 of 2nd period - Icing by Deryk Engelland.
1:33 of 2nd period - Sean Couturier wins face-off versus Nico Hischier in Golden Knights zone.
1:40 of 2nd period - Shot by Dougie Hamilton.
1:40 of 2nd period - Shot Misses the Net.
2:15 of 2nd period - Icing by Zach Werenski.
2:16 of 2nd period - Claude Giroux wins face-off versus Jack Eichel in Golden Knights zone.
2:16 of 2nd period - Claude Giroux is hit by Jack Eichel.
2:32 of 2nd period - Off-side.
2:33 of 2nd period - Christian Dvorak wins face-off versus Mathew Barzal in neutral zone.
2:59 of 2nd period - Shot by Tomas Hertl.
2:59 of 2nd period - Stopped by Carter Hart without a rebound.
3:00 of 2nd period - Jack Eichel wins face-off versus Claude Giroux in Blues zone.
3:04 of 2nd period - Josh Bailey is hit by Tyson Barrie.
3:18 of 2nd period - Seth Jones is hit by Zach Werenski and loses puck.
3:24 of 2nd period - Minor Penalty to Jack Eichel for Hooking.
3:25 of 2nd period - Jordan Staal wins face-off versus Mathew Barzal in Blues zone.
3:31 of 2nd period - Icing by Miro Heiskanen.
3:32 of 2nd period - Jordan Staal wins face-off versus Mathew Barzal in Golden Knights zone.
3:55 of 2nd period - Shot by Mathew Dumba.
3:55 of 2nd period - Shot Blocked by Jordan Staal.
4:43 of 2nd period - Tomas Hertl is hit by P.K. Subban.
4:46 of 2nd period - Claude Giroux is hit by P.K. Subban and loses puck.
5:39 of 2nd period - Shot by Riley Sheahan.
5:39 of 2nd period - Shot Blocked by Henri Jokiharju.
5:41 of 2nd period - Shot by Riley Sheahan.
5:41 of 2nd period - Stopped by Carter Hart without a rebound.
5:42 of 2nd period - Christian Dvorak wins face-off versus Nico Hischier in Blues zone.
5:51 of 2nd period - Shot by Martin Necas.
5:51 of 2nd period - Shot Misses the Net.
5:53 of 2nd period - Shot by Dougie Hamilton.
5:53 of 2nd period - Stopped by Ilya Samsonov with a rebound.
5:55 of 2nd period - Shot by Ryan Pulock.
5:55 of 2nd period - Shot Misses the Net.
6:21 of 2nd period - Shot by Johnny Gaudreau.
6:21 of 2nd period - Shot Blocked by Deryk Engelland.
7:04 of 2nd period - Mathew Barzal is hit by P.K. Subban and loses puck.
7:29 of 2nd period - Shot by Jake Guentzel.
7:29 of 2nd period - Shot Misses the Net.
7:31 of 2nd period - Shot by Jake Guentzel.
7:31 of 2nd period - Shot Misses the Net.
7:43 of 2nd period - Shot by Artemi Panarin.
7:43 of 2nd period - Shot Blocked by Seth Jones.
7:45 of 2nd period - Shot by Mathew Dumba.
7:45 of 2nd period - Stopped by Carter Hart without a rebound.
7:46 of 2nd period - Sean Couturier wins face-off versus Riley Sheahan in Blues zone.
8:13 of 2nd period - Shot by Anthony Mantha.
8:13 of 2nd period - Stopped by Ilya Samsonov without a rebound.
8:14 of 2nd period - Claude Giroux wins face-off versus Christian Dvorak in Golden Knights zone.
9:27 of 2nd period - Shot by Sean Couturier.
9:27 of 2nd period - Stopped by Ilya Samsonov without a rebound.
9:28 of 2nd period - Nico Hischier wins face-off versus Jordan Staal in Golden Knights zone.
9:52 of 2nd period - Trevor Lewis is hit by Miro Heiskanen and loses puck.
10:05 of 2nd period - Minor Penalty to Nico Hischier for Cross-checking.
10:06 of 2nd period - Jack Eichel wins face-off versus Riley Sheahan in Golden Knights zone.
10:23 of 2nd period - Shot by Jack Eichel.
10:23 of 2nd period - Stopped by Ilya Samsonov without a rebound.
10:24 of 2nd period - Sean Couturier wins face-off versus Riley Sheahan in Golden Knights zone.
10:35 of 2nd period - Shot by Seth Jones.
10:35 of 2nd period - Shot Blocked by Zach Werenski.
10:37 of 2nd period - Shot by Sean Couturier.
10:37 of 2nd period - Shot Blocked by Zach Werenski.
10:39 of 2nd period - Shot by Seth Jones.
10:39 of 2nd period - Stopped by Ilya Samsonov with a rebound.
10:41 of 2nd period - Shot by Anthony Mantha.
10:41 of 2nd period - Stopped by Ilya Samsonov without a rebound.
10:42 of 2nd period - Jack Eichel wins face-off versus Riley Sheahan in Golden Knights zone.
10:52 of 2nd period - Icing by Christian Dvorak.
10:53 of 2nd period - Jack Eichel wins face-off versus Riley Sheahan in Blues zone.
11:00 of 2nd period - Shot by Dougie Hamilton.
11:00 of 2nd period - Stopped by Ilya Samsonov without a rebound.
11:01 of 2nd period - Sean Couturier wins face-off versus Riley Sheahan in Golden Knights zone.
11:06 of 2nd period - Shot by Jordan Staal.
11:06 of 2nd period - Stopped by Ilya Samsonov without a rebound.
11:07 of 2nd period - Jack Eichel wins face-off versus Riley Sheahan in Golden Knights zone.
11:26 of 2nd period - Shot by Christian Dvorak.
11:26 of 2nd period - Shot Misses the Net.
11:28 of 2nd period - Shot by Jack Eichel.
11:28 of 2nd period - Stopped by Ilya Samsonov without a rebound.
11:29 of 2nd period - Sean Couturier wins face-off versus Alex Steen in Golden Knights zone.
11:44 of 2nd period - Shot by Josh Bailey.
11:44 of 2nd period - Stopped by Ilya Samsonov without a rebound.
11:45 of 2nd period - Riley Sheahan wins face-off versus Jack Eichel in Golden Knights zone.
12:14 of 2nd period - Shot by Miles Wood.
12:14 of 2nd period - Stopped by Ilya Samsonov without a rebound.
12:15 of 2nd period - Mathew Barzal wins face-off versus Jordan Staal in Golden Knights zone.
12:46 of 2nd period - Shot by Jordan Staal.
12:46 of 2nd period - Stopped by Ilya Samsonov without a rebound.
12:47 of 2nd period - Claude Giroux wins face-off versus Jack Eichel in Golden Knights zone.
12:51 of 2nd period - Mathew Dumba is hit by Ryan Pulock and loses puck.
12:58 of 2nd period - Shot by Claude Giroux.
12:58 of 2nd period - Stopped by Carter Hart with a rebound.
13:07 of 2nd period - Artemi Panarin is hit by Dougie Hamilton and loses puck.
13:19 of 2nd period - Artemi Panarin is hit by Ryan Pulock and loses puck.
13:24 of 2nd period - Shot by Jake Guentzel.
13:24 of 2nd period - Shot Misses the Net.
13:41 of 2nd period - Off-side.
13:42 of 2nd period - Mathew Barzal wins face-off versus Sean Couturier in neutral zone.
14:04 of 2nd period - Shot by Zach Werenski.
14:04 of 2nd period - Stopped by Carter Hart without a rebound.
14:05 of 2nd period - Nico Hischier wins face-off versus Christian Dvorak in Blues zone.
14:12 of 2nd period - Shot by Nico Hischier.
14:12 of 2nd period - Stopped by Carter Hart without a rebound.
14:13 of 2nd period - Martin Necas wins face-off versus Nico Hischier in Blues zone.
14:13 of 2nd period - Seth Jones is hit by Nico Hischier and loses puck.
14:44 of 2nd period - Shot by Nico Hischier.
14:44 of 2nd period - Deflect By Calle Jarnkrok.
14:44 of 2nd period - Goal by Calle Jarnkrok - Golden Knights : 2 - Blues : 0.
14:45 of 2nd period - Jack Eichel wins face-off versus Claude Giroux in neutral zone.
14:55 of 2nd period - Icing by Miro Heiskanen.
14:56 of 2nd period - Claude Giroux wins face-off versus Sean Couturier in Golden Knights zone.
14:56 of 2nd period - Claude Giroux is hit by Sean Couturier.
15:26 of 2nd period - Shot by Anthony Mantha.
15:26 of 2nd period - Stopped by Ilya Samsonov without a rebound.
15:27 of 2nd period - Jack Eichel wins face-off versus Mathew Barzal in Golden Knights zone.
16:37 of 2nd period - Mathew Dumba is hit by Christian Dvorak and loses puck.
17:03 of 2nd period - Icing by Mathew Dumba.
17:04 of 2nd period - Claude Giroux wins face-off versus Sean Couturier in Golden Knights zone.
17:04 of 2nd period - Claude Giroux is hit by Miles Wood.
17:12 of 2nd period - Claude Giroux is hit by Colin Miller and loses puck.
18:02 of 2nd period - Shot by Nico Hischier.
18:02 of 2nd period - Shot Blocked by Seth Jones.
18:37 of 2nd period - Shot by Josh Bailey.
18:37 of 2nd period - Stopped by Ilya Samsonov with a rebound.
19:49 of 2nd period - Shot by Trevor Lewis.
19:49 of 2nd period - Shot Misses the Net.
19:51 of 2nd period - Shot by Michael Chaput.
19:51 of 2nd period - Shot Misses the Net.
19:53 of 2nd period - Shot by Henri Jokiharju.
19:53 of 2nd period - Shot Blocked by Mathew Dumba.
19:55 of 2nd period - Shot by Colin Miller.
19:55 of 2nd period - Stopped by Ilya Samsonov without a rebound.
19:56 of 2nd period - Mathew Barzal wins face-off versus Miles Wood in Golden Knights zone.
Goals for this period are 2 for Golden Knights vs 0 for Blues.
Shots for this period are 8 for Golden Knights vs 15 for Blues.

3rd period


0:01 of 3rd period - Claude Giroux wins face-off versus Jack Eichel in neutral zone.
0:01 of 3rd period - Claude Giroux is hit by Mikko Rantanen.
0:06 of 3rd period - Tyson Barrie is hit by P.K. Subban and loses puck.
0:15 of 3rd period - Zach Werenski is hit by Jack Eichel and loses puck.
0:36 of 3rd period - Shot by Mikko Rantanen.
0:36 of 3rd period - Deflect By Josh Bailey.
0:36 of 3rd period - Stopped by Ilya Samsonov with a rebound.
0:38 of 3rd period - Shot by P.K. Subban.
0:38 of 3rd period - Shot Misses the Net.
0:40 of 3rd period - Shot by Mikko Rantanen.
0:40 of 3rd period - Shot Misses the Net.
0:42 of 3rd period - Shot by Seth Jones.
0:42 of 3rd period - Stopped by Ilya Samsonov without a rebound.
0:43 of 3rd period - Sean Couturier wins face-off versus Mathew Barzal in Golden Knights zone.
0:56 of 3rd period - Shot by Tomas Hertl.
0:56 of 3rd period - Stopped by Carter Hart without a rebound.
0:57 of 3rd period - Christian Dvorak wins face-off versus Nico Hischier in Blues zone.
1:26 of 3rd period - Shot by Christian Dvorak.
1:26 of 3rd period - Deflect By Martin Necas.
1:26 of 3rd period - Stopped by Ilya Samsonov without a rebound.
1:27 of 3rd period - Jack Eichel wins face-off versus Claude Giroux in Golden Knights zone.
1:52 of 3rd period - Shot by Josh Bailey.
1:52 of 3rd period - Stopped by Ilya Samsonov without a rebound.
1:53 of 3rd period - Sean Couturier wins face-off versus Tomas Hertl in Golden Knights zone.
2:07 of 3rd period - Minor Penalty to Ryan Pulock for Interference.
2:08 of 3rd period - Jordan Staal wins face-off versus Claude Giroux in Blues zone.
2:17 of 3rd period - Shot by Tyson Barrie.
2:17 of 3rd period - Shot Blocked by P.K. Subban.
2:19 of 3rd period - Shot by Claude Giroux.
2:19 of 3rd period - Stopped by Carter Hart without a rebound.
2:20 of 3rd period - Mathew Barzal wins face-off versus Trevor Lewis in Blues zone.
2:37 of 3rd period - Shot by Mathew Barzal.
2:37 of 3rd period - Deflect By Artemi Panarin.
2:37 of 3rd period - Shot Blocked by Seth Jones.
2:39 of 3rd period - Shot by Zach Werenski.
2:39 of 3rd period - Shot Misses the Net.
2:41 of 3rd period - Shot by Calle Jarnkrok.
2:41 of 3rd period - Shot Blocked by Dougie Hamilton.
2:57 of 3rd period - Shot by Tyson Barrie.
2:57 of 3rd period - Shot Blocked by P.K. Subban.
2:59 of 3rd period - Shot by Tyson Barrie.
2:59 of 3rd period - Shot Misses the Net.
3:01 of 3rd period - Shot by Zach Werenski.
3:01 of 3rd period - Shot Misses the Net.
3:42 of 3rd period - Shot by Tomas Hertl.
3:42 of 3rd period - Stopped by Carter Hart without a rebound.
3:43 of 3rd period - Michael Chaput wins face-off versus Calle Jarnkrok in Blues zone.
4:05 of 3rd period - Jordan Staal is hit by Artemi Panarin and loses puck.
4:10 of 3rd period - Shot by Riley Sheahan.
4:10 of 3rd period - Shot Misses the Net.
4:12 of 3rd period - Shot by Marcus Foligno.
4:12 of 3rd period - Shot Misses the Net.
4:24 of 3rd period - Henri Jokiharju is hit by Marcus Foligno and loses puck.
5:10 of 3rd period - Shot by Artemi Panarin.
5:10 of 3rd period - Stopped by Carter Hart without a rebound.
5:11 of 3rd period - Sean Couturier wins face-off versus Mathew Barzal in Blues zone.
5:18 of 3rd period - Shot by Tomas Hertl.
5:18 of 3rd period - Shot Misses the Net.
5:28 of 3rd period - Shot by Anthony Beauvillier.
5:28 of 3rd period - Stopped by Carter Hart with a rebound.
5:53 of 3rd period - Icing by Tyson Barrie.
5:54 of 3rd period - Christian Dvorak wins face-off versus Mathew Barzal in Golden Knights zone.
5:54 of 3rd period - Dougie Hamilton is hit by Zach Werenski.
6:04 of 3rd period - Shot by Dougie Hamilton.
6:04 of 3rd period - Shot Misses the Net.
6:06 of 3rd period - Shot by Christian Dvorak.
6:06 of 3rd period - Stopped by Ilya Samsonov without a rebound.
6:07 of 3rd period - Jordan Staal wins face-off versus Claude Giroux in Golden Knights zone.
6:07 of 3rd period - Ryan Pulock is hit by Mathew Dumba and loses puck.
6:18 of 3rd period - Dougie Hamilton is hit by Claude Giroux.
6:44 of 3rd period - Shot by Jordan Staal.
6:44 of 3rd period - Shot Blocked by Mathew Dumba.
7:03 of 3rd period - Jack Eichel is hit by Mathew Dumba and loses puck.
7:21 of 3rd period - Josh Bailey is hit by Nico Hischier and loses puck.
7:42 of 3rd period - Sean Couturier is hit by Viktor Arvidsson and loses puck.
7:50 of 3rd period - Minor Penalty to Deryk Engelland for Holding.
7:51 of 3rd period - Sean Couturier wins face-off versus Riley Sheahan in Golden Knights zone.
7:56 of 3rd period - Shot by Dougie Hamilton.
7:56 of 3rd period - Deflect By Sean Couturier.
7:56 of 3rd period - Stopped by Ilya Samsonov without a rebound.
7:57 of 3rd period - Riley Sheahan wins face-off versus Jack Eichel in Golden Knights zone.
8:10 of 3rd period - Shot by Marcus Foligno.
8:10 of 3rd period - Shot Misses the Net.
8:31 of 3rd period - Shot by Jack Eichel.
8:31 of 3rd period - Shot Misses the Net.
9:12 of 3rd period - Shot by Seth Jones.
9:12 of 3rd period - Shot Misses the Net.
12:11 of 3rd period - Sean Couturier is hit by Viktor Arvidsson and loses puck.
12:15 of 3rd period - Icing by Sean Couturier.
12:16 of 3rd period - Riley Sheahan wins face-off versus Sean Couturier in Blues zone.
12:23 of 3rd period - Shot by Riley Sheahan.
12:23 of 3rd period - Shot Blocked by Seth Jones.
13:18 of 3rd period - Shot by Johnny Gaudreau.
13:18 of 3rd period - Shot Misses the Net.
13:36 of 3rd period - Shot by Jake Guentzel.
13:36 of 3rd period - Shot Misses the Net.
13:38 of 3rd period - Shot by Claude Giroux.
13:38 of 3rd period - Shot Blocked by Johnny Gaudreau.
13:49 of 3rd period - Jake Guentzel is hit by Colin Miller and loses puck.
14:21 of 3rd period - Major Penalty to Viktor Arvidsson for Checking from behind.
14:22 of 3rd period - Sean Couturier wins face-off versus Riley Sheahan in Golden Knights zone.
14:27 of 3rd period - Shot by Jordan Staal.
14:27 of 3rd period - Shot Misses the Net.
14:37 of 3rd period - Tyson Barrie is hit by Jordan Staal and loses puck.
14:54 of 3rd period - Shot by Dougie Hamilton.
14:54 of 3rd period - Shot Misses the Net.
15:20 of 3rd period - Shot by Jack Eichel.
15:20 of 3rd period - Stopped by Ilya Samsonov without a rebound.
15:21 of 3rd period - Nico Hischier wins face-off versus Jack Eichel in Golden Knights zone.
15:35 of 3rd period - Jack Eichel is hit by Mathew Dumba and loses puck.
15:40 of 3rd period - Shot by Christian Dvorak.
15:40 of 3rd period - Stopped by Ilya Samsonov with a rebound.
16:03 of 3rd period - Shot by Seth Jones.
16:03 of 3rd period - Shot Misses the Net.
16:05 of 3rd period - Shot by Josh Bailey.
16:05 of 3rd period - Stopped by Ilya Samsonov without a rebound.
16:06 of 3rd period - Alex Steen wins face-off versus Sean Couturier in Golden Knights zone.
17:05 of 3rd period - Shot by Jack Eichel.
17:05 of 3rd period - Stopped by Ilya Samsonov without a rebound.
17:06 of 3rd period - Nico Hischier wins face-off versus Mikko Rantanen in Golden Knights zone.
17:47 of 3rd period - Off-side.
17:48 of 3rd period - Alex Steen wins face-off versus Sean Couturier in neutral zone.
18:26 of 3rd period - Shot by Jack Eichel.
18:26 of 3rd period - Shot Misses the Net.
19:25 of 3rd period - Icing by Claude Giroux.
19:26 of 3rd period - Jordan Staal wins face-off versus Jake Guentzel in Golden Knights zone.
19:36 of 3rd period - Artemi Panarin is hit by Henri Jokiharju and loses puck.
19:44 of 3rd period - Artemi Panarin is hit by Colin Miller and loses puck.
Goals for this period are 0 for Golden Knights vs 0 for Blues.
Shots for this period are 5 for Golden Knights vs 10 for Blues.